 Dungeon Crawl Stone Soup version 0.22.0-25-g7663229 (webtiles) character file.

664 Esekla the Sneak (level 7, 0/51 HPs)
             Began as a Formicid Conjurer on Aug 20, 2018.
             Slain by Duvessa
             ... wielding a +0 short sword
              (8 damage)
             ... on level 5 of the Dungeon.
             The game lasted 00:44:53 (3850 turns).

Esekla the Sneak (Formicid Conjurer)                Turns: 3850, Time: 00:44:54

Health: 0/51       AC:  8    Str: 12    XL:     7   Next: 87%
Magic:  1/11       EV: 13    Int: 17    God:
Gold:   167        SH:  0    Dex: 11    Spells: 2/12 levels left

rFire    . . .     SeeInvis +   n - +0 short sword (venom)
rCold    . . .     Gourm    .   (no shield)
rNeg     . . .     Faith    .   a - +0 robe
rPois    .         Spirit   .   (helmet unavailable)
rElec    .         Reflect  .   (no cloak)
rCorr    +         Harm     .   o - +2 pair of gloves
MR       .....                  b - +0 pair of boots
Stlth    +++.......             (no amulet)
HPRegen  0.17/turn              i - ring of resist corrosion
MPRegen  0.12/turn              l - +2 ring of protection

@: no status effects
A: permanent stasis, dig shafts and tunnels, four strong arms, antennae 3
a: Dig, Shaft Self


You were on level 5 of the Dungeon.
You were not hungry.

You visited 1 branch of the dungeon, and saw 5 of its levels.

You collected 167 gold pieces.

Inventory:

Hand Weapons
 h - a +0 spear
 n - a +0 short sword of venom (weapon)
 p - a cursed -2 long sword
Missiles
 e - 12 tomahawks (quivered)
Armour
 a - a +0 robe (worn)
 b - a +0 pair of boots (worn)
 o - a +2 pair of gloves (worn)
Jewellery
 i - a ring of resist corrosion (left hand)
 l - a +2 ring of protection (right hand)
 u - an uncursed ring of resist corrosion
Wands
 s - a wand of acid (7)
 v - a wand of flame (25)
 x - a wand of clouds (5)
Scrolls
 m - 7 scrolls of remove curse
 r - a scroll of identify
Potions
 d - 2 potions of curing
 f - 4 potions of agility
 g - 3 potions of ambrosia
 j - a potion of invisibility
 k - a potion of degeneration {unknown}
 q - a potion of cancellation {unknown}
 t - a potion of mutation {unknown}
 z - a potion of heal wounds {unknown}
Comestibles
 c - 4 rations


   Skills:
 * Level 2.3 Fighting
 * Level 3.5 Short Blades
 - Level 0.1 Polearms
 * Level 3.7 Dodging
 + Level 4.6 Stealth
 + Level 3.0 Spellcasting
 + Level 4.4 Conjurations
 * Level 2.7 Hexes


You had 2 spell levels left.
You knew the following spells:

 Your Spells              Type           Power        Failure   Level  Hunger
a - Magic Dart            Conj           ###.         2%          1    None
b - Tukima's Dance        Hex            ##......     17%         3    ###....
c - Corona                Hex            ##.....      6%          1    None
d - Dazzling Spray        Conj/Hex       ##....       12%         3    ###....
e - Searing Ray           Conj           ###...       4%          2    ##.....

Your spell library contained the following spells:

 Spells                   Type           Power        Failure   Level  Hunger
 Ensorcelled Hibernation  Hex/Ice        #.....       16%         2    ##.....
 Confuse                  Hex            ##......     17%         3    ###....
 Iskenderun's Mystic Bla  Conj           ###.....     28%         4    ####...
 Fulminant Prism          Conj/Hex       ##........   36%         4    ####...
 Force Lance              Conj/Tloc      ##......     56%         4    ####...


Dungeon Overview and Level Annotations

Branches:
Dungeon (5/15)             Temple (0/1) D:5

Altars:
Nemelex Xobeh
Okawaru

Annotations:
D:5 Duvessa


Innate Abilities, Weirdness & Mutations

You cannot be hasted, slowed, berserked, paralysed or teleported.
You can dig through walls and to a lower floor.
Your four strong arms can wield two-handed weapons with a shield.
You have a pair of large antennae on your head. (SInv)


Message History

Duvessa is moderately wounded.
Duvessa is dazzled.
Duvessa misses you. Duvessa closely misses you.
You hit Duvessa but do no damage.
Duvessa looks as sick as possible!
Duvessa is moderately wounded.
Duvessa hits you with a short sword.
* * * LOW HITPOINT WARNING * * *
You hit Duvessa.
Duvessa looks as sick as possible!
Duvessa is moderately wounded.
You feel sick. Duvessa hits you but does no damage. Duvessa closely misses you.
You barely miss Duvessa.
Duvessa is moderately wounded.
Duvessa barely misses you.
You hit Duvessa but do no damage.
Duvessa looks as sick as possible!
Duvessa is moderately wounded.
Duvessa hits you with a short sword.
* * * LOW HITPOINT WARNING * * *
You feel better. Duvessa hits you with a short sword!
* * * LOW HITPOINT WARNING * * *
Duvessa hits you with a short sword!
You die...

# #..###........... #
#..# . .?......# #
#..#.# ......... # #
#..#.##.###...#.. #
#.###....... #
#.#.......# .........
### #..e.# ..# #.@# #
#.#############.W####.#
#............##..[....#
############..........#
####........W#
#..#.....## #..#.#....#
#........#. ##.##.##.#


You could see a phantom and Duvessa (berserk).

Vanquished Creatures
  An ogre (D:4)
  Dowan (D:5)
  A crimson imp (D:5)
  A centaur skeleton (D:5)
  4 hounds
  2 orc wizards (D:4)
  Natasha (thrice) (D:4)
  3 worker ants
  A hound zombie (D:5)
  5 gnolls
  2 adders (D:2)
  An ooze (D:1)
  2 adder skeletons
  A worm (D:2)
  2 dart slugs (D:3)
  3 leopard geckos (D:3)
  4 orcs
  3 giant cockroaches
  7 goblins
  4 hobgoblins
  2 jackals (D:2)
  3 quokkas
  8 bats
  6 frilled lizards
  14 kobolds
  A quokka skeleton (D:4)
  11 rats
96 creatures vanquished.

Vanquished Creatures (others)
  A dancing weapon (D:5)
1 creature vanquished.

Grand Total: 97 creatures vanquished

Notes
Turn   | Place    | Note
-------+----------+-------------------------------------------
     0 | D:1      | Esekla the Formicid Conjurer began the quest for the Orb.
     0 | D:1      | Reached XP level 1. HP: 13/13 MP: 3/3
   301 | D:1      | Reached XP level 2. HP: 19/19 MP: 1/5
   305 | D:1      | Learned a level 2 spell: Searing Ray
   743 | D:1      | Reached XP level 3. HP: 24/25 MP: 4/6
   748 | D:1      | Learned a level 3 spell: Dazzling Spray
  1045 | D:2      | Reached skill level 1 in Fighting
  1061 | D:2      | Reached XP level 4. HP: 9/32 MP: 1/8
  1441 | D:2      | Reached skill level 1 in Hexes
  1555 | D:2      | Found a sparkling altar of Nemelex Xobeh.
  1784 | D:3      | Reached XP level 5. HP: 31/37 MP: 9/9
  1831 | D:3      | Learned a level 3 spell: Tukima's Dance
  1929 | D:4      | Noticed Natasha
  1931 | D:4      | Noticed an ogre
  1933 | D:4      | Killed Natasha
  1933 | D:4      | Reached skill level 1 in Short Blades
  2005 | D:4      | Noticed Natasha
  2022 | D:4      | Killed Natasha
  2372 | D:3      | Reached XP level 6. HP: 44/44 MP: 10/10
  2544 | D:3      | Found an iron altar of Okawaru.
  2958 | D:4      | Noticed Natasha
  2963 | D:4      | Killed an ogre
  2973 | D:4      | Killed Natasha
  2980 | D:4      | Reached XP level 7. HP: 18/49 MP: 4/11
  2991 | D:4      | Learned a level 1 spell: Corona
  3330 | D:5      | Entered Level 5 of the Dungeon
  3437 | D:5      | Found a staircase to the Ecumenical Temple.
  3474 | D:5      | Noticed Dowan
  3475 | D:5      | Noticed Duvessa
  3837 | D:5      | Killed Dowan
  3850 | D:5      | Slain by Duvessa

Skill      XL: |  1  2  3  4  5  6  7 |
---------------+----------------------+-----
Conjurations   | 4 |  4.4
Fighting       | 1 2 |  2.3
Dodging        | 2 3 |  3.7
Hexes          | 1 2 |  2.7
Short Blades   | 1 2 3 |  3.5
Stealth        | 3 4 |  4.6
Spellcasting   | 3 |  3.0
Polearms       | |  0.1

Action                   |  1- 3 |  4- 6 |  7- 9 || total
-------------------------+-------+-------+-------++-------
Melee: Spear             |     6 |       |       ||     6
       Dagger            |    35 |     1 |       ||    36
       Short sword       |       |   109 |    69 ||   178
Throw: Tomahawk          |     3 |    10 |     3 ||    16
 Cast: Magic Dart        |    28 |    10 |     2 ||    40
       Searing Ray       |     3 |     3 |     2 ||     8
       Dazzling Spray    |       |     2 |     6 ||     8
       Tukima's Dance    |       |     1 |     2 ||     3
  Use: Scroll            |     2 |     9 |     1 ||    12
       Potion            |     2 |       |     1 ||     3
 Stab: Sleeping          |     2 |     7 |     2 ||    11
       Invisible         |       |     1 |     1 ||     2
       Distracted        |       |       |     1 ||     1
  Eat: Ration            |     1 |     1 |     2 ||     4
Armor: Robe              |    14 |    44 |    22 ||    80
Dodge: Dodged            |    38 |    82 |    57 ||   177
